 Dungeon Crawl Stone Soup version 0.28.0-62-gf88900778d (webtiles) character file.

Game seed: 6306541134078426250

2400 mopl the Slinger (level 9, -4/63 (75) HPs)
             Began as a Minotaur Hunter on Mar 13, 2024.
             Was a Priest of Okawaru.
             Slain by Harold
             ... wielding a +5 dire flail of draining
              (8 damage)
             ... on level 8 of the Dungeon.
             The game lasted 00:06:55 (5644 turns).

mopl the Slinger (Minotaur Hunter)                  Turns: 5644, Time: 00:06:56

HP:   -4/63 (75)    AC: 20    Str: 21    XL:     9   Next: 23%
MP:   9/10          EV: 15    Int:  8    God:    Okawaru [***...]
Gold: 335           SH:  6    Dex: 11    Spells: 8/8 levels left

rFire   . . .      SeeInvis .   b - +3 short sword (elec)
rCold   . . .      Faith    .   E - +0 buckler
rNeg    . . .      Spirit   .   C - +0 chain mail
rPois   .          Reflect  .   (helmet restricted)
rElec   .          Harm     .   n - +0 cloak
rCorr   .          Rampage  .   I - +0 pair of gloves
Will    .....                   f - +0 pair of boots
Stlth   ..........              q - amulet of regeneration
HPRegen 1.00/turn               J - +4 ring of evasion
MPRegen 0.12/turn               v - +4 ring of protection

@: heroic, heavily drained
A: horns 2, retaliatory headbutt
a: Renounce Religion, Heroism


You were on level 8 of the Dungeon.
You worshipped Okawaru.
Okawaru was most pleased with you.
You visited 1 branch of the dungeon, and saw 8 of its levels.

You collected 335 gold pieces.

Inventory:

Hand Weapons
 a - a +1 hunting sling
 b - a +3 short sword of electrocution (weapon)
 D - a +2 vorpal spear
 K - a +2 morningstar of protection
 P - a +3 flail of freezing
Missiles
 d - 62 sling bullets
 g - a boomerang
 i - 29 poisoned darts (quivered)
 p - 216 stones
 w - 5 silver javelins
 Q - a curare-tipped dart
Armour
 f - a +0 pair of boots (worn)
 n - a +0 cloak (worn)
 C - a +0 chain mail (worn)
 E - a +0 buckler (worn)
 H - a scarf of shadows
 I - a +0 pair of gloves (worn)
Jewellery
 q - an amulet of regeneration (around neck)
 s - a ring of positive energy
 u - an amulet of guardian spirit
 v - a +4 ring of protection (right hand)
 J - a +4 ring of evasion (left hand)
 R - a ring of resist corrosion
Wands
 c - a wand of mindburst (16)
 t - a wand of charming (23)
 L - a wand of digging (6)
Scrolls
 e - a scroll of magic mapping {unknown}
 o - a scroll of silence {unknown}
 r - 2 scrolls of teleportation {unknown}
 x - 5 scrolls of identify {unknown}
 y - a scroll of summoning {unknown}
 A - 2 scrolls of immolation {unknown}
 G - 3 scrolls of brand weapon {unknown}
 M - a scroll of holy word {unknown}
 N - 2 scrolls of fog {unknown}
 O - 2 scrolls of enchant weapon {unknown}
Potions
 h - a potion of brilliance {unknown}
 j - a potion of lignification {unknown}
 k - a potion of magic {unknown}
 l - 3 potions of might
 m - 2 potions of ambrosia {unknown}
 z - 3 potions of curing
 B - a potion of heal wounds {unknown}
 F - a potion of degeneration {unknown}


   Skills:
 + Level 5.9(10.9) Fighting
 * Level 8.5(14.1) Slings
 + Level 4.3(11.6) Throwing
 + Level 5.3(10.3) Armour
 + Level 5.4(10.4) Dodging
 - Level 0.7(5.7) Stealth
 + Level 3.7(8.7) Shields
 + Level 3.5 Invocations


You had 8 spell levels left.
You didn't know any spells.
Your spell library contained the following spells:

 Spells                   Type           Power      Damage    Failure   Level
 Magic Dart               Conj           0%         1d3       98%         1
 Ensorcelled Hibernation  Hex/Ice        0%         N/A       99%         2
 Searing Ray              Conj           0%         2d4       99%         2
 Static Discharge         Conj/Air       0%         N/A       99%         2
 Conjure Flame            Conj/Fire      0%         6-21      100%        3
 Ignite Poison            Fire/Tmut/Pois 0%         N/A       100%        3
 Spider Form              Tmut/Pois      0%         N/A       100%        3
 Anguish                  Hex/Necr       0%         N/A       100%        4
 Dispel Undead            Necr           0%         3d6       100%        4
 Fulminant Prism          Conj/Hex       0%         3d6       100%        4
 Sticky Flame             Conj/Fire      0%         2d3       100%        4
 Orb of Destruction       Conj           0%         9d5       100%        7
 Summon Guardian Golem    Hex/Summ       Unusable   N/A       N/A         3
 Spellforged Servitor     Conj/Summ      Unusable   N/A       N/A         7

Dungeon Overview and Level Annotations

Branches:
Dungeon (8/15)             Temple (0/1) D:4
   Lair: D:8-11

Altars:
Dithmenos
Elyvilon
Nemelex Xobeh
Okawaru
Vehumet

Shops:
D:2 :

Annotations:
D:8 Harold


Innate Abilities, Weirdness & Mutations

You have a pair of horns on your head.
You reflexively headbutt those who attack you in melee.


Message History

Harold and a howler monkey come into view.
Harold is wielding a +5 dire flail of draining.
Harold shouts!
You gain the combat prowess of a mighty hero.
Harold hits you with a +5 dire flail of draining.
You feel drained.
You hit Harold but do no damage. Harold closely misses you.
You barely miss Harold.
Harold hits you with a +5 dire flail of draining!
You feel drained.
You hit Harold. Lightning courses through Harold!
Harold is moderately wounded.
Harold closely misses you.
You hit Harold. Lightning courses through Harold! You headbutt Harold.
Harold is heavily wounded.
Harold drinks a potion.
Harold seems to grow stronger.
You hit Harold but do no damage.
Harold is heavily wounded.
Harold hits you with a +5 dire flail of draining!
You feel drained.
The howler monkey hoots and howls with incredible vigour!
You hit Harold.
Harold is heavily wounded.
You hit Harold but do no damage. Lightning courses through Harold!
You headbutt Harold.
Harold is almost dead.
Harold hits you with a +5 dire flail of draining!!
You feel drained.
You are too injured to fight recklessly!
You are too injured to fight recklessly!
You barely miss Harold.
Harold is almost dead.
Harold casts a spell at you.
You barely resist. You hit Harold.
Harold is almost dead.
Harold hits you with a +5 dire flail of draining!!
* * * LOW HITPOINT WARNING * * *
You feel drained.
You die...

#.##..........#..
#....#...<.......
#.#......####...
#.#.#.#.# #... ##
#..#.#.# ##.. #.#
##...#.#####.. #.#
##..###.#......
#.###.#...>...###..
#.@#.#####.....<...
#@#.#####..#..#####
#h#.......###......
#.#######..#.......
# #. ##...#####. #
#. ##.#####.. #
#### #. #.#...... #
..# #. #.#.###.. #
#.# #.#.# ##.


You could see Harold (strong) and a howler monkey.

Vanquished Creatures
  A wyvern (D:8)
  A water moccasin (D:7)
  An orc warrior (D:6)
  A necrophage (D:8)
  A centaur (D:7)
  2 phantoms
  A bullfrog (D:6)
  2 kobold brigands
  A gnoll sergeant (D:5)
  3 wyvern zombies
  2 water moccasin skeletons
  8 wights
  A howler monkey (D:7)
  5 hounds
  2 jellies
  2 bullfrog skeletons
  3 orc priests (D:7)
  2 centaur skeletons
  2 iguanas (D:6)
  Natasha (D:4)
  2 orc wizards
  A howler monkey zombie (D:7)
  9 gnolls
  6 adders
  A shadow imp (D:6)
  2 ufetubi
  2 dart slugs (D:2)
  12 orcs
  4 endoplasms
  2 giant cockroaches
  7 goblins
  11 hobgoblins
  6 jackals
  14 kobolds
  3 quokkas
  9 ball pythons
  7 bats
  4 frilled lizards
  6 rats
150 creatures vanquished.

Notes
Turn   | Place    | Note
-------+----------+-------------------------------------------
     0 | D:1      | mopl the Minotaur Hunter began the quest for the Orb.
     0 | D:1      | Reached XP level 1. HP: 18/18 MP: 0/0
   437 | D:1      | Reached XP level 2. HP: 15/25 MP: 1/1
   969 | D:1      | Reached skill level 1 in Armour
  1218 | D:2      | Reached XP level 3. HP: 30/30 MP: 2/2
  1464 | D:2      | Found Zataj's Book Shop.
  1619 | D:2      | Reached skill level 1 in Throwing
  1673 | D:2      | Reached skill level 5 in Slings
  1832 | D:3      | Reached skill level 3 in Fighting
  1851 | D:3      | Reached XP level 4. HP: 11/38 MP: 3/3
  2118 | D:3      | Noticed a phantom
  2154 | D:3      | Killed a phantom
  2155 | D:3      | Reached skill level 2 in Armour
  2155 | D:3      | Reached skill level 3 in Dodging
  2155 | D:3      | Reached XP level 5. HP: 17/45 MP: 4/4
  2584 | D:3      | Found a faded altar of an unknown god.
  2901 | D:4      | Found a white marble altar of Elyvilon.
  2985 | D:4      | Found an iron altar of Okawaru.
  2996 | D:4      | Reached skill level 2 in Throwing
  3000 | D:4      | Became a worshipper of Warmaster Okawaru
  3041 | D:4      | Noticed Natasha
  3045 | D:4      | Killed Natasha
  3046 | D:4      | Reached XP level 6. HP: 52/52 MP: 5/5
  3108 | D:4      | Reached skill level 6 in Slings
  3171 | D:4      | Found a staircase to the Ecumenical Temple.
  3289 | D:5      | Entered Level 5 of the Dungeon
  3335 | D:5      | Reached skill level 3 in Armour
  3341 | D:5      | Reached skill level 4 in Fighting
  3362 | D:5      | Found a shadowy altar of Dithmenos.
  3370 | D:5      | Reached skill level 1 in Invocations
  3526 | D:5      | Reached * piety under Okawaru
  3527 | D:5      | Reached XP level 7. HP: 59/59 MP: 5/7
  3596 | D:5      | Reached skill level 4 in Dodging
  3955 | D:6      | Reached skill level 3 in Throwing
  3957 | D:6      | Reached skill level 1 in Shields
  3994 | D:6      | Identified the +2 robe of Beclime {*Corrode rN+ Dex+5}
  4039 | D:6      | Reached skill level 2 in Invocations
  4112 | D:6      | Reached skill level 7 in Slings
  4118 | D:6      | Reached ** piety under Okawaru
  4126 | D:6      | Reached XP level 8. HP: 60/67 MP: 8/8
  4176 | D:6      | Reached skill level 4 in Armour
  4346 | D:6      | Reached skill level 5 in Fighting
  4378 | D:6      | Reached skill level 2 in Shields
  4816 | D:7      | Reached *** piety under Okawaru
  4817 | D:7      | Reached skill level 5 in Dodging
  4817 | D:7      | Reached skill level 3 in Shields
  4817 | D:7      | Reached skill level 3 in Invocations
  4947 | D:7      | Reached skill level 8 in Slings
  4955 | D:7      | Reached skill level 4 in Throwing
  5263 | D:7      | Found a sparkling altar of Nemelex Xobeh.
  5273 | D:7      | Found a radiant altar of Vehumet.
  5402 | D:8      | Reached skill level 5 in Armour
  5402 | D:8      | Reached XP level 9. HP: 64/75 MP: 10/10
  5634 | D:8      | Noticed Harold
  5644 | D:8      | Slain by Harold

Illustrated notes

Levels and vault maps discovered:
D:1:      kilobyte_arrival_exit_the_forest, layout_basic
D:2:      layout_loops_cross, serial_shops, nicolae_shop_stone,
          minmay_tetromino_t2
D:3:      minmay_recursive_quarters, layout_basic,
          hellmonk_ecumenical_altar_inner_sanctum, solitary_fountain
D:4:      layout_rooms, okawaru_trees_1, mainiacjoe_overflow_alcove_1,
          minmay_temple_entry_offerings, uniq_natasha
D:5:      layout_rooms, nicolae_dithmenos_through_a_glass_darkly, serial_curves,
          eino_curves_04, eino_curves_02, amcnicky_mini_pool_small
D:6:      layout_loops_ring
D:7:      layout_loops_ring, amethyst_overflow_temple_binary
D:8:      layout_loops_ring, uniq_harold

Skill      XL: |  1  2  3  4  5  6  7  8 |
---------------+-------------------------+-----
Armour         | 1 2 3 5 |  5.3
Throwing       | 1 2 3 4 |  4.3
Slings         | 5 6 7 8 |  8.5
Fighting       | 3 4 5 |  5.9
Dodging        | 3 4 5 |  5.4
Invocations    | 1 2 3 |  3.5
Shields        | 1 3 |  3.7
Stealth        | |  0.7

Action                   |  1- 3 |  4- 6 |  7- 9 || total
-------------------------+-------+-------+-------++-------
Melee: Short sword       |   103 |   155 |   197 ||   455
       Headbutt          |    10 |    19 |    50 ||    79
       Punch             |       |     2 |       ||     2
Throw: Dart              |       |     1 |       ||     1
Invok: Heroism           |       |       |     1 ||     1
  Use: Potion            |     1 |       |       ||     1
Armor: Leather armour    |    34 |     6 |       ||    40
       Scale mail        |       |    80 |       ||    80
       Chain mail        |       |     2 |   114 ||   116
Dodge: Dodged            |    76 |    97 |    89 ||   262
Block: Buckler           |       |       |    29 ||    29
